 Dungeon Crawl Stone Soup version 0.30-a0-1160-g6e42c06551 (webtiles) character file.

Game seed: 8398441305163046627

768 Jase the Chopper (level 7, -5/62 HPs)
             Began as a Hill Orc Fighter on Apr 27, 2023.
             Was a Follower of Uskayaw.
             Splashed by a jelly's acid (7 damage)
             ... on level 5 of the Dungeon.
             The game lasted 00:12:07 (4022 turns).

Jase the Chopper (Hill Orc Fighter)                 Turns: 4022, Time: 00:12:08

Health: -5/62      AC: -2    Str: 21    XL:     7   Next: 82%
Magic:  10/10      EV:  8    Int:  8    God:    Uskayaw [*.....]
Gold:   158        SH:  5    Dex: 16    Spells: 6/6 levels left

rFire   + . .        a - +0 war axe
rCold   . . .        f - orb {light}
rNeg    . . .        s - +0 chain mail
rPois   .            (no helmet)
rElec   .            (no cloak)
rCorr   .            E - +0 pair of gloves
SInv    .            n - +1 pair of boots
Will    .....        D - amulet of reflection Stlth
                     z - +6 ring of dexterity
HPRegen 0.30/turn    F - ring of protection from fire
MPRegen 0.12/turn

%: reflection
@: corroded, glowing
A: no striking features
a: Renounce Religion, Stomp


You were on level 5 of the Dungeon.
You worshipped Uskayaw.
Uskayaw was noncommittal.
You visited 1 branch of the dungeon, and saw 5 of its levels.
You also visited: Sewer.

You collected 158 gold pieces.

Inventory:

Hand Weapons
 a - a +0 war axe (weapon)
Missiles
 c - 56 stones (quivered)
 r - 5 boomerangs of dispersal
 x - 30 poisoned darts
Armour
 f - an orb of light (worn)
 n - a +1 pair of boots (worn)
 s - a +0 chain mail (worn)
 E - a +0 pair of gloves (worn)
Jewellery
 z - a +6 ring of dexterity (left hand)
 D - an amulet of reflection (around neck)
 F - a ring of protection from fire (right hand)
Scrolls
 b - a scroll of brand weapon {unknown}
 e - 3 scrolls of enchant weapon {unknown}
 g - 2 scrolls of blinking {unknown}
 i - 5 scrolls of identify {unknown}
 j - 4 scrolls of teleportation {unknown}
 k - a scroll of noise {unknown}
 m - 2 scrolls of fear {unknown}
 o - a scroll of summoning {unknown}
 t - 3 scrolls of poison {unknown}
 u - 3 scrolls of acquirement {unknown}
 y - a scroll of magic mapping {unknown}
 B - a scroll of vulnerability {unknown}
 C - a scroll of silence {unknown}
Potions
 d - a potion of might
 h - 2 potions of lignification {unknown}
 l - 3 potions of curing {unknown}
 p - 3 potions of attraction {unknown}
 q - 2 potions of ambrosia {unknown}
 v - a potion of brilliance {unknown}
 w - a potion of magic {unknown}
 A - a potion of heal wounds {unknown}


   Skills:
 + Level 5.8 Fighting
 * Level 7.5 Axes
 + Level 5.2 Armour
 - Level 3.2 Shields
 + Level 4.3 Invocations


You had 6 spell levels left.
You didn't know any spells.
Your spell library contained the following spells:

 Spells                   Type           Power      Damage    Failure   Level
 Ensorcelled Hibernation  Hex/Ice        0%         N/A       99%         2
 Passwall                 Tmut/Erth      0%         N/A       99%         2
 Swiftness                Air            0%         N/A       100%        3


Dungeon Overview and Level Annotations

Branches:
Dungeon (5/15)             Temple (0/1) D:4           Sewer (visited)

Altars:
Uskayaw

Annotations:
D:3 13 exclusions


Message History

You hit the jelly.
Your hands burn!
The jelly is lightly wounded.
The jelly hits you. The acid corrodes you!
You are splashed with acid!
You slash the jelly!
Your hands burn!
The jelly is severely wounded.
You block the jelly's attack.
You can now pass through a line of other dancers.
You completely miss the jelly.
The jelly is severely wounded.
The jelly hits you. The acid corrodes you!
You are splashed with acid!
You hit the jelly but do no damage.
Your hands burn!
The jelly is severely wounded.
The jelly hits you but does no damage.
You hit the jelly but do no damage.
Your hands burn!
* * * LOW HITPOINT WARNING * * *
The jelly is severely wounded.
You block the jelly's attack.
You can no longer pass through a line of other dancers.
You hit the jelly but do no damage.
Your hands burn!
* * * LOW HITPOINT WARNING * * *
The jelly is severely wounded.
The jelly barely misses you.
You completely miss the jelly.
The jelly is severely wounded.
The jelly hits you but does no damage.
You hit the jelly but do no damage. The acid corrodes you!
Your hands burn!
* * * LOW HITPOINT WARNING * * *
The jelly is severely wounded.
The jelly completely misses you.
You hit the jelly.
Your hands burn!
* * * LOW HITPOINT WARNING * * *
The jelly is severely wounded.
The jelly hits you.
* * * LOW HITPOINT WARNING * * *
The acid corrodes you!
You are splashed with acid!
* * * LOW HITPOINT WARNING * * *
The jelly hits you.
* * * LOW HITPOINT WARNING * * *
You are splashed with acid!
You die...

##.(..
.....
.... ...
..
.#######
#).....#
#))...$#
#@)....#
#.J.....#
###.###..
..# #
#>.. ##.#
... ..


You could see a jelly.

Vanquished Creatures
  A phantom (D:4)
  3 kobold brigands (Sewer)
  Blork the orc (D:5)
  2 jellies
  An orc priest (D:3)
  A gnoll bouda (D:5)
  A hound (D:4)
  An orc wizard (D:3)
  4 gnolls (D:5)
  3 river rats
  7 adders
  4 worms
  3 dart slugs
  8 orcs (D:3)
  4 bats
  5 endoplasms
  2 giant cockroaches (D:1)
  13 goblins
  8 hobgoblins
  4 jackals (D:3)
  3 quokkas (D:1)
  8 ball pythons
  4 frilled lizards
  15 kobolds
  7 rats
113 creatures vanquished.

Vanquished Creatures (others)
  An orc (D:5)
  A withered plant (D:1)
2 creatures vanquished.

Grand Total: 115 creatures vanquished

Notes
Turn   | Place    | Note
-------+----------+-------------------------------------------
     0 | D:1      | Jase the Hill Orc Fighter began the quest for the Orb.
     0 | D:1      | Reached XP level 1. HP: 19/19 MP: 1/1
   105 | D:1      | Reached skill level 3 in Axes
   245 | D:1      | Reached XP level 2. HP: 27/27 MP: 2/2
   379 | D:1      | Found a faded altar of an unknown god.
   411 | D:1      | Prayed at the altar of an unknown god.
   411 | D:1      | Became a worshipper of Uskayaw the Reveller
   411 | D:1      | Reached * piety under Uskayaw
   671 | D:1      | Reached ** piety under Uskayaw
   673 | D:1      | Reached XP level 3. HP: 33/33 MP: 3/3
  1079 | D:2      | Reached skill level 4 in Axes
  1079 | D:2      | Reached skill level 1 in Invocations
  1167 | D:2      | Reached XP level 4. HP: 35/40 MP: 4/4
  1717 | D:3      | Reached *** piety under Uskayaw
  1718 | D:3      | Reached XP level 5. HP: 38/47 MP: 6/6
  1720 | D:3      | Reached skill level 5 in Axes
  2063 | D:3      | Found a glowing drain.
  2076 | Sewer    | Entered a sewer
  2269 | Sewer    | Noticed a kobold brigand
  2273 | Sewer    | Reached XP level 6. HP: 55/55 MP: 7/7
  2296 | Sewer    | Reached skill level 5 in Fighting
  2301 | Sewer    | Reached skill level 6 in Axes
  2402 | Sewer    | Reached XP level 7. HP: 36/61 MP: 9/9
  3348 | D:4      | Found a staircase to the Ecumenical Temple.
  3503 | D:4      | Reached skill level 7 in Axes
  3503 | D:4      | Reached skill level 5 in Armour
  3941 | D:5      | Entered Level 5 of the Dungeon
  3941 | D:5      | Noticed Blork the orc
  3950 | D:5      | Reached **** piety under Uskayaw
  3954 | D:5      | Killed Blork the orc
  4022 | D:5      | HP: 3/62 [acid (8)]
  4022 | D:5      | Splashed by a jelly's acid

Illustrated notes

Levels and vault maps discovered:
D:1:      evilmike_arrival_fibonacci_small, layout_basic,
          ebering_ecumenical_altar_petrified, columned_hall_lemuel,
          minmay_pentomino_w2
D:2:      layout_loops_ring
D:3:      layout_basic, portal_sewer_entry_a
D:4:      layout_basic, temple_hall, nicolae_concentric_dashed_squares_mild,
          minmay_goblin_outpost
D:5:      layout_rooms, serial_shops, nicolae_shop_competitors_out_of_business,
          shop, uniq_duvessa, uniq_menkaure, uniq_blork_the_orc

Skill      XL: |  1  2  3  4  5  6  7 |
---------------+----------------------+-----
Axes           | 3 4 5 6 7 |  7.5
Fighting       | 4 5 |  5.8
Invocations    | 1 2 3 4 |  4.3
Armour         | 4 5 |  5.2
Shields        | |  3.2

Action                     |  1- 3 |  4- 6 |  7- 9 || total
---------------------------+-------+-------+-------++-------
  Melee: War axe           |    97 |   125 |    49 ||   271
   Stab: Paralysed         |       |     4 |     3 ||     7
 Armour: Scale mail        |    44 |    33 |       ||    77
         Chain mail        |       |    50 |    25 ||    75
  Dodge: Dodged            |    43 |    44 |    18 ||   105
  Block: Orb               |       |       |     3 ||     3

Table legend: (Time is in decaauts)
 A = Elapsed time spent in this place.
 B = Non-inter-level travel time spent in this place.
 C = Inter-level travel time spent in this place.
 D = Time resting spent in this place.
 E = Time spent auto-exploring this place.
 F = Levels seen in this place.
 G = Mean time per level.
                   A        B        C        D        E       F      G
               +--------+--------+--------+--------+--------+-----+--------+
         Total |   4161 |   4106 |     55 |    329 |   2599 |   6 |  693.5 |
       Dungeon |   3554 |   3499 |     55 |    180 |   2366 |   5 |  710.8 |
         Sewer |    607 |    607 |      0 |    149 |    233 |   1 |  607.0 |
               +--------+--------+--------+--------+--------+-----+--------+

Top non-repeatable levels by time:
     D:4: 999 daAuts
     D:1: 894 daAuts
     D:3: 826 daAuts
     D:2: 750 daAuts
   Sewer: 607 daAuts
     D:5: 82 daAuts
